General information
			
			
        
        - name: BNet
 
        - type: Ladder team game (AT/RT)
 
        - host: Battle.net
 
        - saver: mollerdriver
 
        
map: Battleground 
        - players: 8
 
        - length: 26:50
 
        - speed: Fast
 - version: 1.22 W3XP
 - replay type:  Public
 
» download(166 KB)
Players
        team 1 (winner) 
              
              
» 
Humble_Slayer (
purple | 40 APM | 1069 actions | 26:48)
              
 5 Warden 
 3 Shadow Strike
 2 Blink
 5 Keeper of the Grove 
 3 Entangling Roots
 2 Thorns Aura
 3 Priestess of the Moon 
 2 Searing Arrows
 1 Trueshot Aura
 
                » actions 
                
                | Basic commands | 41 |  | 
| Build / train | 56 |  | 
| Enter build submenu | 21 |  | 
| Enter hero's abilities submenu | 14 |  | 
| Right click | 572 |  | 
| Select / deselect | 283 |  | 
| Use ability | 82 |  | 
                1069 total
 » units 
                
                | Wisp | 10 |  | 
| Chimaera | 15 |  | 
| Hippogryph | 9 |  | 
                34 total
 » upgrades
                » buildings
                
                | Moon Well | 12 |  | 
| Altar of Elders | 1 |  | 
| Tree of Ages | 1 |  | 
| Tree of Eternity | 1 |  | 
| Ancient of Wind | 1 |  | 
| Chimaera Roost | 2 |  | 
| Tree of Life | 1 |  | 
                19 total
 » build order
                00:26 Moon Well
00:38 Altar of Elders
01:21 Moon Well
02:16 Moon Well
02:30 Tree of Ages
03:12 Moon Well
05:14 Moon Well
05:15 Tree of Eternity
05:45 Ancient of Wind
07:28 Moon Well
09:48 Chimaera Roost
09:57 Chimaera Roost
10:11 Moon Well
10:57 Moon Well
11:11 Moon Well
12:35 Moon Well
15:25 Moon Well
17:24 Moon Well
22:46 Tree of Life
 
               
              
              
» 
pattier (
orange | 65 APM | 1733 actions | 26:48)
              
 5 Blademaster 
 3 Critical Strike
 2 Wind Walk
 4 Shadow Hunter 
 2 Healing Wave
 2 Serpent Ward
 
                » actions 
                
                | Assign group hotkey | 30 |  | 
| Build / train | 79 |  | 
| Enter build submenu | 20 |  | 
| Enter hero's abilities submenu | 9 |  | 
| Give item / drop item | 10 |  | 
| Right click | 756 |  | 
| Select / deselect | 219 |  | 
| Select group hotkey | 543 |  | 
| Use ability | 67 |  | 
                1733 total
 » units 
                
                | Peon | 7 |  | 
| Grunt | 17 |  | 
| Shaman | 12 |  | 
| Tauren | 3 |  | 
                39 total
 » upgrades
                
                | Spiked Barricades | 1 |  | 
| Melee Weapons | 3 |  | 
| Pillage | 1 |  | 
| Armor | 3 |  | 
| Berserker Strength | 1 |  | 
| Shaman Training | 2 |  | 
| Pulverize | 1 |  | 
| Backpack | 1 |  | 
                13 total
 » buildings
                
                | Orc Burrow | 7 |  | 
| Altar of Storms | 1 |  | 
| War Mill | 1 |  | 
| Voodoo Lounge | 1 |  | 
| Barracks | 2 |  | 
| Watch Tower | 3 |  | 
| Stronghold | 1 |  | 
| Spirit Lodge | 2 |  | 
| Fortress | 1 |  | 
| Tauren Totem | 2 |  | 
                21 total
 » build order
                00:35 Orc Burrow
00:42 Altar of Storms
01:22 War Mill
01:50 Voodoo Lounge
01:57 Barracks
02:20 Barracks
02:34 Orc Burrow
03:25 Watch Tower
04:54 Orc Burrow
05:02 Watch Tower
06:18 Watch Tower
07:16 Stronghold
07:24 Orc Burrow
07:29 Orc Burrow
10:08 Spirit Lodge
10:15 Spirit Lodge
12:17 Fortress
15:34 Tauren Totem
15:41 Tauren Totem
18:34 Orc Burrow
26:36 Orc Burrow
» items
                
                | Healing Salve | 3 |  | 
| Lesser Clarity Potion | 6 |  | 
| Potion of Mana | 4 |  | 
| Orb of Lightning | 1 |  | 
                14 total
  
               
              
              
» 
Gu7z (
yellow | 52 APM | 1406 actions | 26:48)
              
 6 Mountain King 
 3 Storm Bolt
 2 Thunder Clap
 1 Avatar
 5 Paladin 
 2 Devotion Aura
 2 Divine Shield
 1 Holy Light
 
                » actions 
                
                | Assign group hotkey | 50 |  | 
| Basic commands | 88 |  | 
| Build / train | 98 |  | 
| ESC pressed | 6 |  | 
| Enter build submenu | 23 |  | 
| Enter hero's abilities submenu | 12 |  | 
| Remove unit from queue | 2 |  | 
| Right click | 430 |  | 
| Select / deselect | 242 |  | 
| Select group hotkey | 377 |  | 
| Use ability | 78 |  | 
                1406 total
 » units 
                
                | Peasant | 14 |  | 
| Footman | 13 |  | 
| Knight | 12 |  | 
| Flying Machine | 13 |  | 
| Siege Engine | 4 |  | 
                56 total
 » upgrades
                
                | Defend | 1 |  | 
| Swords | 3 |  | 
| Plating | 5 |  | 
| Lumber Harvesting | 2 |  | 
| Flak Cannons | 1 |  | 
| Flying Machine Bombs | 1 |  | 
| Animal War Training | 1 |  | 
| Masonry | 1 |  | 
| Gunpowder | 2 |  | 
| Armor | 1 |  | 
| Barrage | 1 |  | 
| Backpack | 0 |  | 
                19 total
 » buildings
                
                | Farm | 8 |  | 
| Altar of Kings | 1 |  | 
| Barracks | 2 |  | 
| Lumber Mill | 1 |  | 
| Arcane Vault | 1 |  | 
| Keep | 1 |  | 
| Blacksmith | 1 |  | 
| Castle | 1 |  | 
| Workshop | 1 |  | 
| Town Hall | 2 |  | 
| Scout Tower | 4 |  | 
| Guard Tower | 1 |  | 
                24 total
 » build order
                00:30 Farm
00:40 Altar of Kings
00:58 Barracks
01:21 Lumber Mill
01:54 Farm
01:57 Farm
03:17 Arcane Vault
03:47 Keep
04:05 Blacksmith
05:45 Barracks
07:11 Castle
07:27 Farm
10:03 Farm
10:58 Workshop
11:44 Farm
11:45 Farm
14:15 Farm
16:30 Town Hall
20:24 Scout Tower
20:26 Scout Tower
20:28 Scout Tower
20:29 Scout Tower
21:33 Town Hall
25:03 Guard Tower
» items
                
                | Scroll of Regeneration | 3 |  | 
| Scroll of Town Portal | 1 |  | 
| Potion of Mana | 1 |  | 
                5 total
  
               
              
              
mollerdriver (
teal | 62 APM | 1663 actions | 26:50)
              
 4 Archmage 
 2 Summon Water Elemental
 2 Brilliance Aura
 4 Mountain King 
 2 Storm Bolt
 2 Bash
 
                » actions 
                
                | Assign group hotkey | 40 |  | 
| Build / train | 64 |  | 
| Enter build submenu | 27 |  | 
| Enter hero's abilities submenu | 8 |  | 
| Right click | 1134 |  | 
| Select / deselect | 226 |  | 
| Select group hotkey | 111 |  | 
| Use ability | 53 |  | 
                1663 total
 » units 
                
                | Peasant | 14 |  | 
| Footman | 12 |  | 
| Sorceress | 3 |  | 
| Mortar Team | 3 |  | 
| Priest | 2 |  | 
| Knight | 3 |  | 
| Dragonhawk Rider | 3 |  | 
| Siege Engine | 9 |  | 
                49 total
 » upgrades
                » buildings
                
                | Altar of Kings | 1 |  | 
| Barracks | 2 |  | 
| Farm | 14 |  | 
| Scout Tower | 1 |  | 
| Keep | 1 |  | 
| Arcane Tower | 1 |  | 
| Blacksmith | 1 |  | 
| Lumber Mill | 1 |  | 
| Arcane Sanctum | 1 |  | 
| Castle | 1 |  | 
| Workshop | 2 |  | 
| Gryphon Aviary | 1 |  | 
| Arcane Vault | 1 |  | 
| Town Hall | 1 |  | 
                29 total
 » build order
                00:09 Altar of Kings
00:47 Barracks
00:49 Farm
01:52 Farm
02:34 Farm
03:20 Scout Tower
03:28 Keep
03:58 Farm
04:00 Arcane Tower
05:43 Farm
06:52 Blacksmith
06:56 Lumber Mill
07:00 Farm
07:28 Arcane Sanctum
07:42 Farm
08:25 Castle
09:03 Workshop
10:19 Barracks
10:24 Gryphon Aviary
12:12 Arcane Vault
14:03 Town Hall
16:10 Workshop
19:57 Farm
19:58 Farm
20:47 Farm
20:48 Farm
21:32 Farm
21:34 Farm
21:37 Farm
 
               team 2 (loser) 
              
              
lordaoc (
pink | 38 APM | 848 actions | 22:19)
              
 3 Death Knight 
 2 Death Coil
 1 Unholy Aura
 4 Crypt Lord 
 2 Impale
 2 Spiked Carapace
 
                » actions 
                
                | Assign group hotkey | 3 |  | 
| Basic commands | 1 |  | 
| Build / train | 54 |  | 
| Enter build submenu | 22 |  | 
| Enter hero's abilities submenu | 7 |  | 
| Right click | 441 |  | 
| Select / deselect | 264 |  | 
| Select group hotkey | 5 |  | 
| Use ability | 51 |  | 
                848 total
 » units 
                
                | Acolyte | 3 |  | 
| Ghoul | 9 |  | 
| Crypt Fiend | 10 |  | 
| Necromancer | 4 |  | 
| Abomination | 1 |  | 
| Gargoyle | 1 |  | 
                28 total
 » upgrades
                » buildings
                
                | Crypt | 2 |  | 
| Ziggurat | 9 |  | 
| Altar of Darkness | 1 |  | 
| Graveyard | 1 |  | 
| Halls of the Dead | 1 |  | 
| Tomb of Relics | 1 |  | 
| Nerubian Tower | 5 |  | 
| Temple of the Damned | 1 |  | 
| Spirit Tower | 3 |  | 
| Black Citadel | 1 |  | 
| Slaughterhouse | 2 |  | 
| Sacrificial Pit | 1 |  | 
                28 total
 » build order
                00:12 Crypt
00:23 Ziggurat
00:55 Altar of Darkness
01:10 Ziggurat
02:15 Graveyard
03:53 Halls of the Dead
05:50 Ziggurat
05:56 Tomb of Relics
07:14 Nerubian Tower
07:15 Nerubian Tower
07:17 Nerubian Tower
07:23 Ziggurat
08:38 Ziggurat
09:42 Nerubian Tower
09:45 Ziggurat
10:02 Ziggurat
10:27 Ziggurat
11:29 Temple of the Damned
11:30 Spirit Tower
11:35 Nerubian Tower
11:37 Spirit Tower
12:43 Black Citadel
13:52 Slaughterhouse
15:23 Ziggurat
15:58 Sacrificial Pit
16:32 Spirit Tower
17:48 Slaughterhouse
20:55 Crypt
» items
                
                | Potion of Healing | 3 |  | 
| Scroll of Town Portal | 2 |  | 
                5 total
  
               
              
              
shankzor (
green | 53 APM | 1246 actions | 23:39)
              
 6 Dark Ranger 
 2 Black Arrow
 3 Life Drain
 1 Charm
 
                » actions 
                
                | Assign group hotkey | 29 |  | 
| Basic commands | 8 |  | 
| Build / train | 64 |  | 
| Enter build submenu | 22 |  | 
| Enter hero's abilities submenu | 6 |  | 
| Remove unit from queue | 1 |  | 
| Right click | 562 |  | 
| Select / deselect | 311 |  | 
| Select group hotkey | 212 |  | 
| Use ability | 27 |  | 
                1246 total
 » units 
                
                | Peasant | 11 |  | 
| Rifleman | 19 |  | 
| Mortar Team | 1 |  | 
| Siege Engine | 6 |  | 
| Knight | 3 |  | 
                40 total
 » upgrades
                
                | Gunpowder | 3 |  | 
| Armor | 2 |  | 
| Long Rifles | 1 |  | 
| Flare | 1 |  | 
| Barrage | 1 |  | 
| Lumber Harvesting | 1 |  | 
| Swords | 2 |  | 
| Plating | 2 |  | 
| Animal War Training | 1 |  | 
                14 total
 » buildings
                
                | Altar of Kings | 1 |  | 
| Farm | 10 |  | 
| Barracks | 2 |  | 
| Blacksmith | 1 |  | 
| Keep | 1 |  | 
| Lumber Mill | 1 |  | 
| Castle | 1 |  | 
| Workshop | 2 |  | 
| Arcane Vault | 1 |  | 
                20 total
 » build order
                00:08 Altar of Kings
00:13 Farm
00:53 Barracks
01:07 Farm
01:53 Blacksmith
02:50 Farm
03:05 Barracks
03:50 Farm
05:12 Farm
06:00 Farm
10:23 Keep
11:57 Lumber Mill
12:35 Farm
13:10 Castle
13:15 Workshop
13:21 Workshop
14:14 Farm
15:24 Farm
16:08 Farm
21:38 Arcane Vault
 
               
              
              
DarkSwarmII (
red | 32 APM | 844 actions | 26:47)
              
 5 Paladin 
 2 Holy Light
 3 Divine Shield
 
                » actions 
                
                | Build / train | 103 |  | 
| Enter build submenu | 23 |  | 
| Enter hero's abilities submenu | 5 |  | 
| Remove unit from queue | 4 |  | 
| Right click | 382 |  | 
| Select / deselect | 270 |  | 
| Use ability | 57 |  | 
                844 total
 » units 
                
                | Peasant | 6 |  | 
| Footman | 24 |  | 
| Priest | 14 |  | 
| Knight | 17 |  | 
| Sorceress | 4 |  | 
| Hippogryph | 5 |  | 
| Archer | 5 |  | 
| Siege Engine | 3 |  | 
                78 total
 » upgrades
                
                | Defend | 1 |  | 
| Swords | 2 |  | 
| Priest Training | 2 |  | 
| Animal War Training | 1 |  | 
| Plating | 2 |  | 
| Lumber Harvesting | 1 |  | 
| Barrage | 1 |  | 
                10 total
 » buildings
                
                | Farm | 11 |  | 
| Altar of Kings | 1 |  | 
| Barracks | 1 |  | 
| Scout Tower | 2 |  | 
| Lumber Mill | 1 |  | 
| Guard Tower | 2 |  | 
| Keep | 1 |  | 
| Arcane Vault | 1 |  | 
| Blacksmith | 1 |  | 
| Arcane Sanctum | 1 |  | 
| Castle | 1 |  | 
| Workshop | 1 |  | 
                24 total
 » build order
                00:05 Farm
00:08 Altar of Kings
00:14 Barracks
00:50 Farm
01:45 Farm
02:44 Scout Tower
02:53 Lumber Mill
03:54 Scout Tower
03:56 Guard Tower
05:53 Guard Tower
06:22 Farm
07:12 Farm
07:14 Keep
07:20 Arcane Vault
08:14 Farm
09:18 Blacksmith
10:41 Arcane Sanctum
11:07 Castle
19:06 Farm
19:10 Farm
19:14 Farm
19:53 Farm
20:57 Farm
24:21 Workshop
» items
                 
               
              
              
» 
Ronald_McFondle (
blue | 36 APM | 785 actions | 21:50)
              
 4 Keeper of the Grove 
 2 Force of Nature
 2 Entangling Roots
 
                » actions 
                
                | Build / train | 78 |  | 
| Enter build submenu | 11 |  | 
| Enter hero's abilities submenu | 4 |  | 
| Right click | 309 |  | 
| Select / deselect | 342 |  | 
| Use ability | 41 |  | 
                785 total
 » units 
                
                | Wisp | 11 |  | 
| Archer | 19 |  | 
| Huntress | 9 |  | 
| Hippogryph | 15 |  | 
                54 total
 » upgrades
                
                | Strength of the Moon | 3 |  | 
| Moon Armor | 3 |  | 
| Improved Bows | 1 |  | 
| Strength of the Wild | 1 |  | 
| Upgrade Moon Glaive | 1 |  | 
| Marksmanship | 1 |  | 
| Well Spring | 1 |  | 
| Hippogryph Taming | 1 |  | 
                12 total
 » buildings
                
                | Altar of Elders | 1 |  | 
| Moon Well | 6 |  | 
| Ancient of War | 1 |  | 
| Hunter's Hall | 1 |  | 
| Tree of Ages | 1 |  | 
| Ancient of Wonders | 1 |  | 
| Tree of Eternity | 1 |  | 
| Ancient of Wind | 1 |  | 
                13 total
 » build order
                00:11 Altar of Elders
00:17 Moon Well
00:27 Ancient of War
01:28 Moon Well
02:32 Moon Well
03:59 Hunter's Hall
04:26 Moon Well
04:59 Tree of Ages
05:26 Ancient of Wonders
07:24 Tree of Eternity
08:09 Moon Well
10:12 Ancient of Wind
21:01 Moon Well
» items
                
                | Potion of Healing | 2 |  | 
| Potion of Mana | 1 |  | 
| Scroll of Town Portal | 2 |  | 
                5 total
  
                Chat log
          (00:19 / Allies) Humble_Slayer: chims lets rush
(00:36 / Allies) Gu7z: sure
(01:08 / Allies) pattier: rush with chims?
(01:26 / Allies) Humble_Slayer: haras then
(01:29 / Allies) Humble_Slayer: wat ever
(01:31 / Allies) Humble_Slayer: :/
(01:38 / Allies) pattier: grunt/tauren/shams
(01:48 / Allies) Humble_Slayer: k
(02:01 / Allies) Gu7z: brb washroom
(04:33 / Allies) Gu7z: no teal
(05:26 / Allies) Gu7z: back
(06:00 / Allies) Gu7z: tp
(09:45 / Allies) Humble_Slayer: healing
(10:18 / Allies) Gu7z: we should expand
(10:27 / Allies) Humble_Slayer: ya 
(10:34 / Allies) Humble_Slayer: chims out in a sec 
(10:43 / Allies) mollerdriver: exopo the re
(15:54 / Allies) Gu7z: this is a sick game
(15:59 / Allies) Humble_Slayer: ya
(16:14 / Allies) Gu7z: expand now
(16:20 / Allies) Gu7z: make towers here
(16:55 / Allies) Gu7z: make sure we have AA
(20:39 / Allies) Gu7z: we should attack
(20:45 / Allies) Humble_Slayer: now
(20:59 / Allies) Gu7z: guys move
(21:07 / Allies) Gu7z: i wanna make a hall
(21:23 / Allies) Gu7z: oj move
(22:45 / Allies) Gu7z: ownage
(23:34 / All) shankzor: EAT IT!
(24:56 / All) Humble_Slayer: u make me laugh :)
(25:15 / All) mollerdriver: hey wat shuld my third hero be :)
(25:15 / All) Gu7z: it was good tho to be honest
(25:28 / Allies) Humble_Slayer: :
(25:30 / All) Humble_Slayer: :)
(25:46 / All) Humble_Slayer: man did i hero kill like crazy
(26:39 / All) DarkSwarmII: gg